 Dungeon Crawl Stone Soup version 0.31-a0-1071-gaead2f62b1 (webtiles) character file.

Game seed: 5255323780315953538

3880 bmb222 the Magician (level 10, -1/80 HPs)
             Began as a Djinni Fire Elementalist on Nov 26, 2023.
             Was a Priest of Ashenzari.
             Slain by a troll (5 damage)
             ... on level 7 of the Dungeon.
             The game lasted 00:27:52 (8677 turns).

bmb222 the Magician (Djinni Fire Elementalist)      Turns: 8677, Time: 00:27:53

Health: -1/80      AC:  3    Str: 11    XL:     10   Next: 42%
Gold:   422        EV: 14    Int: 23    God:    Ashenzari [***...] SH:  0 Dex: 14

rFire   + + .        x - +4 falchion of Ashenzari's Inaction {Self, Melee} (curse)
rCold   x . .        (no shield)
rNeg    . . .        a - +0 robe
rPois   ∞            (no helmet)
rElec   .            (no cloak)
rCorr   .            y - +0 pair of gloves
SInv    +            (boots unavailable)
Will    +....        m - amulet "Circumscribed Urgency" {Regen+, Alch, Dev} (curse)
Stlth   ++           d - ring "Inaction of Ashenzari" {Wiz, Cun, Range} (curse)
HPRegen 1.13/turn    n - ring of the Eternal Sage {Int+6, Range, Self} (curse)
MPRegen 0.00/turn

%: clarity, wizardry (x1), infuse magic (-2 HP)
@: flying
A: sickness immunity, fire resistance 2, cold vulnerability 1, float, innate
caster, HP casting, extra vitality 1
a: Renounce Religion, Curse Item, Shatter the Chains


You were on level 7 of the Dungeon.
You worshipped Ashenzari.
Ashenzari was most pleased with you.
You visited 1 branch of the dungeon, and saw 8 of its levels.

You collected 422 gold pieces.

Inventory:

Hand Weapons
 s - a +2 heavy falchion
 x - the cursed +4 falchion of Ashenzari's Inaction (weapon) {Self, Melee}
   (You took it off a wight on level 6 of the Dungeon)

   It has a curse which improves the following skills: Introspection: Fighting
   and Spellcasting.
   Melee Combat: Short Blades, Long Blades, Axes, Maces & Flails, Polearms,
   Staves and Unarmed Combat.
Armour
 a - a +0 robe (worn)
 y - a +0 pair of gloves (worn)
Jewellery
 d - the cursed ring "Inaction of Ashenzari" (left hand) {Wiz, Cun, Range}
   (You found it on level 1 of the Dungeon)

   [ring of wizardry]

   Wiz:       It improves your spell success rate.
   It has a curse which improves the following skills: Cunning: Dodging and
   Stealth.
   Ranged Combat: Ranged Weapons and Throwing.
 m - the cursed amulet "Circumscribed Urgency" (around neck) {Regen+, Alch, Dev}
   (You found it on level 4 of the Dungeon)

   [amulet of regeneration]

   Regen+:    It increases your rate of health regeneration.
   It has a curse which improves the following skills: Alchemy: Poison Magic and
   Transmutations.
   Devices:   Evocations and Shapeshifting.
 n - the cursed ring of the Eternal Sage (right hand) {Int+6, Range, Self}
   (You found it on level 4 of the Dungeon)

   [ring of intelligence]

   Int+6:     It affects your intelligence (+6).
   It has a curse which improves the following skills: Ranged Combat: Ranged
   Weapons and Throwing.
   Introspection: Fighting and Spellcasting.
 o - a ring of fire
 B - an amulet of the acrobat
Talismans
 p - a serpent talisman
Wands
 u - a wand of polymorph (9)
 A - a wand of flame (7)
 C - a wand of iceblast (13)
Scrolls
 b - 9 scrolls of identify
 f - 3 scrolls of enchant armour
 g - 2 scrolls of fog
 h - 2 scrolls of vulnerability
 i - a scroll of revelation
 j - a scroll of fear
 l - a scroll of noise
Potions
 c - 3 potions of curing
 e - 2 potions of heal wounds
 k - a potion of degeneration
 q - a potion of resistance
 r - a potion of mutation
 t - a potion of ambrosia
 v - a potion of enlightenment
 w - a potion of brilliance
 z - a potion of lignification


   Skills:
 - Level 7.7(10.0) Fighting
 - Level 5.6(7.1) Long Blades
 - Level 3.9(5.3) Dodging
 - Level 2.1(3.3) Stealth
 - Level 0.2(0.6) Unarmed Combat
 + Level 7.9(10.2) Spellcasting
 + Level 7.9 Conjurations
 + Level 7.9 Hexes
 + Level 7.9 Summonings
 + Level 7.9 Necromancy
 + Level 7.9 Translocations
 + Level 7.9(9.4) Transmutations
 + Level 7.9 Fire Magic
 + Level 7.9 Ice Magic
 + Level 7.9 Air Magic
 + Level 7.9 Earth Magic
 + Level 7.9(9.4) Poison Magic


You knew the following spells:

 Your Spells              Type           Power      Damage    Failure   Level
a - Foxfire               Conj/Fire      100%       2x1d9     1%          1
b - Scorch                Fire           96%        2d9       1%          2
c - Volatile Blastmotes   Fire/Tloc      96%        2d18      1%          3
d - Inner Flame           Hex/Fire       48%        N/A       1%          3
e - Flame Wave            Conj/Fire      48%        2d12      1%          4
f - Kiss of Death         Conj/Necr      100%       2d13      1%          1
g - Searing Ray           Conj           96%        2d7       1%          2
h - Poisonous Vapours     Pois/Air       100%       N/A       1%          2
i - Gell's Gravitas       Tloc           48%        N/A       1%          3
Your spell library was empty.

Dungeon Overview and Level Annotations

Branches:
Dungeon (8/15)             Temple (0/1) D:5
   Lair: D:8-11

Altars:
Ashenzari
Dithmenos
Elyvilon
Fedhas
Hepliaklqana
Nemelex Xobeh
Qazlal
Trog
Uskayaw
Xom
Yredelemnul

Shops:
D:4 :   D:5 :

Annotations:
D:2 Sigmund
D:3 2 transporters, Gelion's ghost, amateur OpSh
D:7 2 transporters, Tollund's ghost, novice SpEn


Innate Abilities, Weirdness & Mutations

You are immune to sickness and miasma.
You are immune to poison.
Your flesh is very heat resistant. (rF++)
You are vulnerable to cold. (rC-)
You float through the air rather than walking.
You learn spells naturally, not from books.
Your magical power is your life essence.
You have superior vitality. (+4 MHP)


Message History

You hear an angry buzzing noise. x2
The killer bee buzzes angrily.
The killer bee buzzes angrily.
The troll shouts!
You hit the troll.
The troll is lightly wounded.
The troll bites you! The troll claws you. The troll closely misses you.
You slash the troll!
The troll is moderately wounded.
The troll barely misses you. The troll claws you. x2
You hit the troll but do no damage.
The troll is moderately wounded.
You slash the troll!
The troll is heavily wounded.
The troll bites you! The troll claws you! The troll claws you.
You hit the troll.
The troll is severely wounded.
The troll barely misses you. The troll closely misses you. The troll claws you!
You completely miss the troll.
The troll is severely wounded.
The troll bites you. The troll claws you!
* * * LOW HITPOINT WARNING * * *
The troll claws you.
* * * LOW HITPOINT WARNING * * *
You closely miss the troll.
The troll is heavily wounded.
The troll closely misses you. The troll claws you.
* * * LOW HITPOINT WARNING * * *
The troll misses you.
You hit the troll but do no damage.
The troll is heavily wounded.
The troll bites you.
* * * LOW HITPOINT WARNING * * *
The troll closely misses you. The troll barely misses you.
You hit the troll.
The troll is severely wounded.
The troll bites you!
* * * LOW HITPOINT WARNING * * *
The troll claws you.
You die...

.#.###.###.##...>#.####......##.#
.#..##.#.........#.........#.##.#
...###.#.###...########.#..#.##.#
### #....# #...# #.........#
..y###.### #...# ###.##.....
.#yy##.# #...# ###.#######
..W###.# #...# ##...### ###
#####..#####...#######......# #..
####............@T..........###..
...................)........#)..)
#.##........................#.#..
#.......####...######......##.#..
.....##.# #...# ##.#...###.###
#.##.##.# #...# ##...#.## #.#
#....##.# #...####.#.#..####.#
..#####.# #..................#
#.#####.# #...####.........###


You could see a troll.

Vanquished Creatures
  A skeletal warrior (D:7)
  A hornet (D:8)
  3 steam dragons
  A water moccasin (D:6)
  An orc warrior (D:7)
  An ice beast (D:7)
  A sky beast (D:7)
  2 black bears
  An ogre (D:6)
  4 centaurs
  A phantom (D:6)
  4 bullfrogs
  2 gnoll sergeants
  3 scorpions
  4 wights (D:6)
  A killer bee (D:7)
  4 crimson imps (D:6)
  2 jellies
  2 gnoll boudas (D:5)
  3 hounds
  An orc priest (D:7)
  A sleepcap (D:7)
  3 iguanas
  4 orc wizards
  12 adders
  15 gnolls
  A shadow imp (D:7)
  6 ufetubi (D:6)
  2 worms (D:3)
  2 dart slugs (D:1)
  13 orcs
  4 bats
  An endoplasm (D:3)
  4 giant cockroaches
  5 hobgoblins
  11 kobolds
  2 quokkas
  10 ball pythons
  4 frilled lizards
  3 rats (D:1)
146 creatures vanquished.

Vanquished Creatures (others)
  123 foxfires
123 creatures vanquished.

Grand Total: 269 creatures vanquished

Notes
Turn   | Place    | Note
-------+----------+-------------------------------------------
     0 | D:1      | bmb222 the Djinni Fire Elementalist began the quest for the
                  | Orb.
     0 | D:1      | bmb222 set off with the following spells memorised:
                  | Foxfire, Scorch, Volatile Blastmotes, Inner Flame, Flame
                  | Wave.
     0 | D:1      | Reached XP level 1. HP: 15/15 MP: 0/0
   140 | D:1      | Reached XP level 2. HP: 20/21 MP: 0/0
  1007 | D:2      | Reached XP level 3. HP: 14/25 MP: 0/0
  1007 | D:2      | Learned a level 1 spell: Kiss of Death
  1183 | D:2      | Noticed Sigmund
  1727 | D:2      | HP: 1/26 [Sigmund/+2 scythe of protection (14)]
  1877 | D:2      | Found a faded altar of an unknown god.
  2005 | D:2      | Reached skill level 1 in Fighting
  2043 | D:3      | Reached XP level 4. HP: 28/32 MP: 0/0
  2119 | D:3      | Found a transporter.
  2128 | D:3      | Found a transporter.
  2128 | D:3      | Noticed Gelion's ghost (amateur OpSh)
  2246 | D:3      | Found a broken altar of Ashenzari.
  2286 | D:3      | Became a worshipper of Ashenzari the Shackled
  2533 | D:3      | Reached XP level 5. HP: 31/38 MP: 0/0
  2533 | D:3      | Learned a level 2 spell: Searing Ray
  3387 | D:3      | Found a blossoming altar of Fedhas.
  3387 | D:3      | Found a sparkling altar of Nemelex Xobeh.
  3635 | D:4      | Found a bloodstained altar of Trog.
  3658 | D:4      | Noticed a black bear
  3666 | D:4      | Killed a black bear
  3667 | D:4      | Reached XP level 6. HP: 35/46 MP: 0/0
  3725 | D:4      | Found Yfukyops's Vocational Training.
  3768 | D:4      | Identified the +2 leather armour "Emeawn" {*Corrode rElec
                  | Str+3 Int+4}
  4104 | D:5      | Entered Level 5 of the Dungeon
  4133 | D:5      | Found Ebaqed's Self-Improvement Boutique.
  4151 | D:5      | Found a staircase to the Ecumenical Temple.
  4188 | D:5      | Reached XP level 7. HP: 19/51 MP: 0/0
  4188 | D:5      | Learned a level 2 spell: Poisonous Vapours
  4294 | D:5      | Reached * piety under Ashenzari
  4330 | D:5      | Found a basalt altar of Yredelemnul.
  4330 | D:5      | Found a shadowy altar of Dithmenos.
  4332 | D:5      | Found a hazy altar of Hepliaklqana.
  4332 | D:5      | Found a hide-covered altar of Uskayaw.
  4339 | D:5      | Found a stormy altar of Qazlal.
  4667 | D:5      | Found a white marble altar of Elyvilon.
  4855 | D:5      | Reached ** piety under Ashenzari
  4913 | D:5      | Reached skill level 5 in Spellcasting
  4913 | D:5      | Reached skill level 5 in Conjurations
  4913 | D:5      | Reached skill level 5 in Hexes
  4913 | D:5      | Reached skill level 5 in Summonings
  4913 | D:5      | Reached skill level 5 in Necromancy
  4913 | D:5      | Reached skill level 5 in Translocations
  4913 | D:5      | Reached skill level 5 in Transmutations
  4913 | D:5      | Reached skill level 5 in Fire Magic
  4913 | D:5      | Reached skill level 5 in Ice Magic
  4913 | D:5      | Reached skill level 5 in Air Magic
  4913 | D:5      | Reached skill level 5 in Earth Magic
  4913 | D:5      | Reached skill level 5 in Poison Magic
  5300 | D:6      | Reached XP level 8. HP: 57/61 MP: 0/0
  5304 | D:6      | Reached skill level 5 in Fighting
  5304 | D:6      | Reached skill level 1 in Long Blades
  5595 | D:6      | Found a shimmering altar of Xom.
  5649 | D:6      | Reached XP level 9. HP: 57/68 MP: 0/0
  5649 | D:6      | Learned a level 3 spell: Gell's Gravitas
  6724 | D:7      | Reached *** piety under Ashenzari
  6737 | D:7      | Found a transporter.
  6811 | D:7      | Reached skill level 5 in Long Blades
  7214 | D:7      | Found a transporter.
  7242 | D:7      | Noticed Tollund's ghost (novice SpEn)
  7642 | D:8      | Noticed a troll
  7642 | D:8      | Noticed a skeletal warrior
  7660 | D:7      | Killed a skeletal warrior
  7661 | D:7      | Reached XP level 10. HP: 52/80 MP: 0/0
  8547 | D:8      | Noticed a gargoyle
  8594 | D:8      | Identified the +1 great sword of Alagg {holy, rF- Will+
                  | Int+3}
  8677 | D:7      | HP: 4/80 [troll (8)]
  8677 | D:7      | Slain by a troll

Illustrated notes

Levels and vault maps discovered:
D:1:      eino_arrival_water_cross, layout_basic, minmay_misc_feat_square,
          minivault_19, minmay_misc_feat_doors
D:2:      layout_loops_ring, dilly_ecumenical_altar_fadedgnrine, uniq_sigmund
D:3:      minmay_chambers_of_threes, layout_rooms, nicolae_ashenzari_skybound,
          gammafunk_temple_overflow_wave, gammafunk_ghost_gnarly_gnolls,
          serial_bayou_crossing
D:4:      layout_rooms, mainiacjoe_overflow_surrounded_room,
          nicolae_shop_vocational
D:5:      layout_layer_cave, grunt_temple_overflow_open,
          mainiacjoe_overflow_alcove_4, minmay_temple_entry_mist,
          nicolae_shop_self_help
D:6:      layout_basic, led_xom_imps
D:7:      layout_loops_cross, gammafunk_ghost_hive, amethyst_killhole,
          corexii_item_surrounded_by_moat
D:8:      minmay_the_grid_octo_2x2 [minmay_the_grid_octo_checkered,
          minmay_the_grid_octo_pinwheel, minmay_the_grid_octo_thin_diamonds,
          minmay_the_grid_octo_prize_star], layout_gridville, chei_slow_surprise

Skill      XL: |  1  2  3  4  5  6  7  8  9 10 |
---------------+-------------------------------+-----
Spellcasting   | 4 5 6 7 |  7.9
Conjurations   | 4 5 6 7 |  7.9
Hexes          | 4 5 6 7 |  7.9
Summonings     | 4 5 6 7 |  7.9
Necromancy     | 4 5 6 7 |  7.9
Translocations | 4 5 6 7 |  7.9
Transmutations | 4 5 6 7 |  7.9
Fire Magic     | 4 5 6 7 |  7.9
Ice Magic      | 4 5 6 7 |  7.9
Air Magic      | 4 5 6 7 |  7.9
Earth Magic    | 4 5 6 7 |  7.9
Poison Magic   | 4 5 6 7 |  7.9
Dodging        | 3 |  3.9
Stealth        | 2 |  2.1
Fighting       | 1 2 3 4 6 7 |  7.7
Long Blades    | 3 5 |  5.6
Unarmed Combat | |  0.2

Action                     |  1- 3 |  4- 6 |  7- 9 | 10-12 || total
---------------------------+-------+-------+-------+-------++-------
  Melee: Unarmed           |    16 |     3 |       |       ||    19
         Falchion          |       |       |     5 |    10 ||    15
   Cast: Foxfire           |    41 |    19 |    18 |     1 ||    79
         Scorch            |    10 |    41 |    71 |    24 ||   146
         Volatile Blastmot |       |     8 |    39 |     9 ||    56
         Searing Ray       |       |     3 |     8 |       ||    11
         Poisonous Vapours |       |       |     3 |       ||     3
         Inner Flame       |       |       |     3 |       ||     3
         Flame Wave        |       |       |     5 |     3 ||     8
         Gell's Gravitas   |       |       |     3 |     1 ||     4
 Invoke: Curse Item        |       |     1 |     3 |       ||     4
    Use: Potion            |     1 |       |       |       ||     1
         Scroll            |       |       |       |     1 ||     1
 Armour: Robe              |    27 |    12 |    43 |    39 ||   121
  Dodge: Dodged            |    32 |    24 |    40 |    40 ||   136

Table legend: (Time is in decaauts)
 A = Elapsed time spent in this place.
 B = Non-inter-level travel time spent in this place.
 C = Inter-level travel time spent in this place.
 D = Time resting spent in this place.
 E = Time spent auto-exploring this place.
 F = Levels seen in this place.
 G = Mean time per level.
                   A        B        C        D        E       F      G
               +--------+--------+--------+--------+--------+-----+--------+
         Total |   8682 |   8493 |    189 |   2074 |   4642 |   8 | 1085.2 |
       Dungeon |   8682 |   8493 |    189 |   2074 |   4642 |   8 | 1085.2 |
               +--------+--------+--------+--------+--------+-----+--------+

Top non-repeatable levels by time:
     D:7: 1808 daAuts
     D:3: 1452 daAuts
     D:6: 1380 daAuts
     D:5: 1189 daAuts
     D:1: 1130 daAuts
     D:2: 909 daAuts
     D:4: 614 daAuts
     D:8: 197 daAuts
